 Dungeon Crawl Stone Soup version 0.25.0-9-g26727b657a (webtiles) character file.

Game seed: 5130006803824117285

588 DunjonMajik the Shield-Bearer (level 7, -12/52 HPs)
             Began as a Formicid Fighter on June 21, 2020.
             Was a Believer of Uskayaw.
             Splashed by Ijyb's acid (16 damage)
             ... on level 4 of the Dungeon.
             The game lasted 00:09:56 (5350 turns).

DunjonMajik the Shield-Bearer (Formicid Fighter)    Turns: 5350, Time: 00:09:56

Health: -12/52     AC: -1    Str: 19 (21) XL:     7   Next: 65%
Magic:  7/7        EV: 10    Int:  6      God:    Uskayaw [**....]
Gold:   238        SH: 10    Dex:  9      Spells: 6/6 levels left

rFire    . . .     SeeInvis +   y - +1 whip (flame)
rCold    + . .     Gourm    .   c - +0 kite shield
rNeg     . . .     Faith    .   u - +0 leather armour (curse)
rPois    .         Spirit   .   (helmet unavailable)
rElec    .         Reflect  .   (no cloak)
rCorr    .         Harm     .   e - +0 pair of gloves
MR       .....                  v - +0 pair of boots
Stlth    +.........             (no amulet)
HPRegen  0.17/turn              (no ring)
MPRegen  0.10/turn              (no ring)

@: corroded, stab
A: permanent stasis, dig shafts and tunnels, four strong arms, antennae 3,
clumsy 1, cold resistance 1, dopey 1, shaggy fur 1
a: Dig, Shaft Self, Stomp, Line Pass, Renounce Religion


You were on level 4 of the Dungeon.
You worshipped Uskayaw.
Uskayaw was noncommittal.
You were not hungry.

You visited 1 branch of the dungeon, and saw 4 of its levels.

You collected 238 gold pieces.

Inventory:

Hand Weapons
 a - a +0 war axe
 k - a +2 dagger of holy wrath
 y - a +1 whip of flaming (weapon)
Missiles
 g - 4 boomerangs
 x - 12 poisoned darts (quivered)
Armour
 b - a +0 scale mail
 c - a +0 kite shield (worn)
 e - a +0 pair of gloves (worn)
 u - a cursed +0 leather armour (worn)
 v - a +0 pair of boots (worn)
Jewellery
 i - an uncursed amulet of faith {unknown}
Scrolls
 h - 4 scrolls of identify {unknown}
 m - 3 scrolls of remove curse {unknown}
 n - a scroll of immolation {unknown}
 q - 3 scrolls of teleportation {unknown}
 t - 2 scrolls of random uselessness {unknown}
 w - 2 scrolls of magic mapping {unknown}
 z - a scroll of noise {unknown}
Potions
 d - a potion of might
 l - a potion of magic
 o - 2 potions of curing
 p - a potion of lignification
 s - a potion of mutation
Comestibles
 f - 11 rations
 r - a chunk of flesh


   Skills:
 + Level 3.4 Fighting
 - Level 4.9(5.3) Axes
 - Level 2.6(4.1) Maces & Flails
 - Level 3.6 Armour
 - Level 7.1 Shields


You had 6 spell levels left.
You didn't know any spells.
Your spell library was empty.

Dungeon Overview and Level Annotations

Branches:
Dungeon (4/15)
 Temple: D:4-7

Altars:
Ashenzari
Cheibriados
Hepliaklqana
Makhleb
Nemelex Xobeh
Trog
Uskayaw
Wu Jian
Zin

Annotations:
D:4 2 transporters, Ijyb; Menkaure; letownia's ghost, amateur GnEE


Innate Abilities, Weirdness & Mutations

You cannot be hasted, slowed, berserked, paralysed or teleported.
You can dig through walls and to a lower floor.
Your four strong arms can wield two-handed weapons with a shield.
You have a pair of large antennae on your head. (SInv)
You are clumsy. (Dex -2)
Your flesh is cold resistant. (rC+)
You are dopey. (Int -2)
You are covered in fur. (AC +1)


Message History

You hit Ijyb. You burn Ijyb.
Ijyb is heavily wounded.
You block Ijyb's attack.
You hit Ijyb but do no damage.
Ijyb is heavily wounded.
You block Ijyb's attack.
It was a potion of stabbing.
You feel ready to backstab. Ijyb hits you but does no damage.
You feel better.
Ijyb zaps a wand.
The bolt of acid misses you.
You hit Ijyb. You burn Ijyb.
Ijyb is severely wounded.
You block Ijyb's attack.
You can now pass through a line of other dancers.
You barely miss Ijyb.
Ijyb is severely wounded.
Ijyb zaps a wand.
The bolt of acid hits you!!
* * * LOW HITPOINT WARNING * * *
The acid corrodes you!
You are splashed with acid!
You die...

≈≈≈≈≈≈≈≈...+....>.<..+....(....#
.#####≈≈.###.........####....###
.#...#≈≈.# ##.......## ##.#.#
##%.g#≈≈.# ##.....## ###.##
g..###≈≈.# ##...## #.#.#
##.#8.≈≈.# ##'## #..##
P#.##.≈≈.## #.# #.##
.'..#.≈≈..######.# #.#
#.##.≈≈......##@## #.#
##.#8.≈≈.####.#..g# #.#
...###≈≈..# ......# #.#
##...#≈≈..# #.#...## #.#
.#...#≈≈..###[##.## ######.#
.#####≈≈......##.#####......#
≈≈≈≈≈≈≈≈...............######
≈≈≈≈≈≈≈≈.####.##.#######
.........# ##.#


You could see Ijyb.

Vanquished Creatures
  Grinder (D:3)
  An ogre (D:4)
  A scorpion (D:4)
  An iguana (D:4)
  Jessica (D:3)
  9 adders
  4 gnolls (D:3)
  An ooze (D:1)
  An adder skeleton (D:4)
  3 worms (D:3)
  A dart slug (D:1)
  2 leopard geckos
  3 orcs
  2 ball pythons
  2 giant cockroaches
  5 goblins
  5 hobgoblins
  3 jackals (D:2)
  8 kobolds
  2 bats
  5 frilled lizards
  A giant cockroach zombie (D:3)
  8 rats
70 creatures vanquished.

Vanquished Creatures (others)
  5 plants (D:4)
5 creatures vanquished.

Grand Total: 75 creatures vanquished

Notes
Turn   | Place    | Note
-------+----------+-------------------------------------------
     0 | D:1      | DunjonMajik the Formicid Fighter began the quest for the
                  | Orb.
     0 | D:1      | Reached XP level 1. HP: 18/18 MP: 1/1
   366 | D:1      | Reached XP level 2. HP: 24/24 MP: 2/2
   786 | D:1      | Reached XP level 3. HP: 29/29 MP: 3/3
  1241 | D:2      | Found a shattered altar of Ashenzari.
  1888 | D:2      | Reached XP level 4. HP: 11/35 MP: 4/4
  2358 | D:3      | Found a hazy altar of Hepliaklqana.
  2574 | D:3      | Reached XP level 5. HP: 32/41 MP: 5/5
  2582 | D:3      | Found a snail-covered altar of Cheibriados.
  2583 | D:3      | Found a bloodstained altar of Trog.
  3425 | D:3      | Noticed Grinder
  3433 | D:3      | Gained mutation: You are covered in fur. (AC +1) [potion of
                  | mutation]
  3433 | D:3      | Gained mutation: You are clumsy. (Dex -2) [potion of
                  | mutation]
  3433 | D:3      | Gained mutation: You are dopey. (Int -2) [potion of
                  | mutation]
  3433 | D:3      | Gained mutation: Your flesh is cold resistant. (rC+)
                  | [potion of mutation]
  3447 | D:3      | Killed Grinder
  3447 | D:3      | Reached skill level 5 in Shields
  3447 | D:3      | Reached XP level 6. HP: 20/47 MP: 6/6
  4005 | D:3      | Noticed Jessica
  4012 | D:3      | Killed Jessica
  4012 | D:3      | Reached XP level 7. HP: 51/52 MP: 7/7
  4099 | D:3      | Found an ornate altar of the Wu Jian Council.
  4381 | D:4      | Found a burning altar of Makhleb.
  4383 | D:4      | Found a glowing silver altar of Zin.
  4383 | D:4      | Noticed an angel
  4389 | D:4      | Noticed an Executioner
  4635 | D:4      | Found a sparkling altar of Nemelex Xobeh.
  4704 | D:4      | Found a transporter.
  4710 | D:4      | Found a transporter.
  4721 | D:4      | Reached skill level 6 in Shields
  4734 | D:4      | Noticed letownia's ghost (amateur GnEE)
  4750 | D:4      | Noticed a +0 dagger
  4750 | D:4      | Noticed a +0 dagger
  4754 | D:4      | Found a hide-covered altar of Uskayaw.
  4763 | D:4      | Became a worshipper of Uskayaw the Reveler
  4826 | D:4      | Noticed Menkaure
  5205 | D:4      | Reached * piety under Uskayaw
  5208 | D:4      | Reached skill level 7 in Shields
  5337 | D:4      | Noticed Ijyb
  5349 | D:4      | Reached ** piety under Uskayaw
  5350 | D:4      | Splashed by Ijyb's acid

Illustrated notes

Levels and vault maps discovered:
D:1:      dpeg_arrival_pits, layout_loops_corners
D:2:      layout_loops_cross, ashenzari_conservatory_becter
D:3:      minmay_inner_zag, layout_basic, overflow_temple_1_default,
          lemuel_round_altar, lemuel_round_altar,
          nicolae_overflow_crystal_walls, uniq_grinder, uniq_jessica
D:4:      layout_loops_corners, grunt_temple_overflow_order_and_chaos_2,
          old_standard_altar, dancing_weapons_uskayaw,
          gammafunk_ghost_gnarly_gnolls, first_ration, minmay_liquid_box,
          kennysheep_nub, uniq_ijyb, uniq_menkaure

Skill      XL: |  1  2  3  4  5  6  7 |
---------------+----------------------+-----
Axes           | 3 4 |  4.9
Maces & Flails | 2 |  2.6
Shields        | 5 7 |  7.1
Fighting       | |  3.4
Armour         | |  3.6

Action                   |  1- 3 |  4- 6 |  7- 9 || total
-------------------------+-------+-------+-------++-------
Melee: War axe           |   132 |    80 |     1 ||   213
       Dagger            |       |    11 |       ||    11
       Whip              |       |     5 |    75 ||    80
Throw: Boomerang         |     3 |       |       ||     3
       Dart              |       |    19 |    12 ||    31
  Use: Potion            |     3 |     6 |     2 ||    11
  Eat: Chunk             |     3 |     6 |     5 ||    14
Armor: Scale mail        |    82 |    46 |    11 ||   139
       Skin              |     8 |       |       ||     8
       Leather armour    |       |       |     3 ||     3
Dodge: Dodged            |    71 |    77 |    19 ||   167
Block: Kite shield       |       |       |    32 ||    32
